 Dungeon Crawl Stone Soup version 0.31.0-11-ge490571c62 (webtiles) character file.

Game seed: 11534650718356254834

3625 Arcadio the Thaumaturge (level 9, -16/45 HPs)
             Began as a Deep Elf Conjurer on Jan 29, 2024.
             Was an Initiate of Sif Muna.
             Demolished by a two-headed ogre
             ... wielding a +0 giant spiked club
              (29 damage)
             ... on level 8 of the Dungeon.
             The game lasted 00:15:58 (9390 turns).

Arcadio the Thaumaturge (Deep Elf Conjurer)         Turns: 9390, Time: 00:15:59

Health: -16/45     AC:  4    Str:  4    XL:     9   Next: 87%
Magic:  18/27      EV: 32    Int: 28    God:    Sif Muna [......]
Gold:   396        SH:  0    Dex: 13    Spells: 22/33 levels left

rFire   . . .        F - +2 dagger (venom)
rCold   . . .        (no shield)
rNeg    . . .        a - +0 robe
rPois   .            K - +0 helmet
rElec   .            e - +0 cloak
rCorr   .            (no gloves)
SInv    .            (no boots)
Will    .....        y - amulet of the acrobat
Stlth   ++           m - ring of wizardry
HPRegen 0.27/turn    q - +5 ring of evasion
MPRegen 0.20/turn

%: acrobat, wizardry (x1)
@: acrobatic
A: no striking features
a: Renounce Religion


You were on level 8 of the Dungeon.
You worshipped Sif Muna.
Sif Muna was noncommittal.
You visited 2 branches of the dungeon, and saw 9 of its levels.
You also visited: Ossuary.

You collected 396 gold pieces.

Inventory:

Hand Weapons
 f - a +0 short sword
 l - a +0 short sword of speed
 v - a +3 vampiric trident
 C - the +7 spear of Bikhloppe {flame, rPois rN+}
   (You found it on level 7 of the Dungeon)

   rPois:     It protects you from poison rN+: It protects you from negative
   energy.
 F - a +2 dagger of venom (weapon)
Armour
 a - a +0 robe (worn)
 e - a +0 cloak (worn)
 K - a +0 helmet (worn)
Jewellery
 m - a ring of wizardry (left hand)
 q - a +5 ring of evasion (right hand)
 r - a ring of wizardry
 y - an amulet of the acrobat (around neck)
 D - a +6 ring of strength
 E - a ring of fire
Wands
 p - a wand of iceblast (9)
 G - a wand of light (6)
 H - a wand of flame (15)
Scrolls
 g - 3 scrolls of revelation
 h - 8 scrolls of teleportation
 i - 2 scrolls of fog
 k - a scroll of enchant weapon {unknown}
 o - 5 scrolls of poison
 s - a scroll of immolation {unknown}
 u - a scroll of amnesia {unknown}
 I - a scroll of enchant armour {unknown}
 J - a scroll of vulnerability {unknown}
Potions
 b - a potion of magic
 c - 2 potions of haste
 d - a potion of lignification
 j - 2 potions of curing
 n - a potion of ambrosia
 t - a potion of degeneration {unknown}
 w - 2 potions of resistance
 x - 3 potions of enlightenment
 z - 2 potions of invisibility
 A - a potion of heal wounds {unknown}
 B - a potion of berserk rage {unknown}
 L - a potion of attraction {unknown}


   Skills:
 - Level 2.4 Dodging
 - Level 2.4 Stealth
 + Level 12.9 Spellcasting
 + Level 12.1 Conjurations


You had 22 spell levels left.
You knew the following spells:

 Your Spells              Type           Power      Damage    Failure   Level
a - Magic Dart            Conj           100%       1d8       0%          1
b - Searing Ray           Conj           100%       2d8       1%          2
c - Fulminant Prism       Conj/Alch      25%        3d14      1%          4
d - Iskenderun's Mystic   Conj/Tloc      51%        2d11      1%          4

Your spell library contained the following spells:

 Spells                   Type           Power      Damage    Failure   Level
 Slow                     Hex            72%        N/A       1%          1
 Confusing Touch          Hex            18%        N/A       3%          3
 Sigil of Binding         Hex            18%        N/A       3%          3
 Tukima's Dance           Hex            18%        N/A       3%          3
 Vampiric Draining        Necr           18%        2d7       3%          3
 Passage of Golubria      Tloc           18%        N/A       12%         4
 Yara's Violent Unravell  Hex/Alch       9%         3d6       32%         5


Dungeon Overview and Level Annotations

Branches:
Dungeon (8/15)             Temple (1/1) D:7         Ossuary (visited)
   Lair: D:8-11

Altars:
Ashenzari
Cheibriados
Dithmenos
Elyvilon
Fedhas
Gozag
Hepliaklqana
Kikubaaqudgha
Makhleb
Nemelex Xobeh
Okawaru
Qazlal
Ru
Sif Muna
Trog
Uskayaw
Vehumet
Wu Jian
Xom
Yredelemnul
Zin
The Shining One
Ignis
Jiyva
Lugonu

Annotations:
D:8 Pikel


Message History

The searing ray hits the two-headed ogre!
The two-headed ogre is moderately wounded.
The lemure completely misses you.
The searing ray hits the lemure.
You kill the lemure!
That felt strangely unrewarding.
The searing ray hits the two-headed ogre.
The two-headed ogre is moderately wounded.
The searing ray hits Pikel but does no damage.
You finish channelling your searing ray.
Casting: Searing Ray (safe; 1% risk of failure)
Confirm with . or Enter, or press ? or * to list all spells.
Aiming: Searing Ray (safe; 1% risk of failure)
Press: ? - help, Shift-Dir - straight line, f - two-headed ogre
Aim: a two-headed ogre, wielding a +0 giant spiked club and a +0 giant club (moderately wounded, 92% to hit)
The searing ray hits the two-headed ogre!
The two-headed ogre is heavily wounded.
The searing ray hits Pikel!
Pikel is lightly wounded. (Press . to maintain the ray.)
The two-headed ogre hits you with a +0 giant spiked club!!
The two-headed ogre hits you with a +0 giant club.
The searing ray hits the two-headed ogre!
The two-headed ogre is severely wounded.
The searing ray misses Pikel.
The searing ray hits the two-headed ogre.
The two-headed ogre is almost dead.
The searing ray hits Pikel!
Pikel is heavily wounded.
The two-headed ogre hits you with a +0 giant spiked club!
The two-headed ogre misses you.
A lemure comes into view.
The searing ray misses the two-headed ogre.
The searing ray hits Pikel!
Pikel is heavily wounded.
You finish channelling your searing ray.
A lemure comes into view.
The two-headed ogre hits you with a +0 giant spiked club!!
Ouch! That really hurt!
You die...

### #.# #.###
....#
#.################
#................#
################@#
#O# ##### #K#
....# #.# ....#
#.#
....############5#
..........O.5..5.#
#######...##.###.#
..... #.# #.#


You could see a two-headed ogre, Pikel and 2 lemures.

Vanquished Creatures
  Psyche (D:8)
  A hornet (D:8)
  Grinder (D:6)
  A wyvern (D:8)
  Duvessa (D:7)
  A water moccasin (D:7)
  An orc warrior (D:6)
  An ice beast (D:6)
  2 sky beasts
  An ogre (D:5)
  A black bear (D:6)
  A centaur (D:7)
  2 elf zombies (Ossuary)
  A lemure (D:8)
  A gnoll sergeant (D:5)
  2 bullfrogs (D:7)
  Blork the orc (D:4)
  2 scorpions
  4 wights (D:8)
  Dowan (D:7)
  A jelly (D:6)
  3 howler monkeys (D:8)
  3 centaur zombies (Ossuary)
  2 hounds (D:5)
  7 orc priests
  6 human zombies (Ossuary)
  Jessica (D:2)
  3 iguanas
  2 sleepcaps
  5 orc wizards
  4 mummies
  4 adders
  5 gnolls (D:5)
  3 shadow imps
  3 white imps
  4 dart slugs
  5 ribbon worms
  19 orcs
  5 ball pythons
  8 endoplasms
  6 giant cockroaches
  5 goblins
  3 hobgoblins
  4 jackals (D:4)
  5 quokkas
  4 bats
  A frilled lizard (D:3)
  7 kobolds
  7 rats
162 creatures vanquished.

Vanquished Creatures (others)
  3 fulminant prisms (D:7)
3 creatures vanquished.

Grand Total: 165 creatures vanquished

Notes
Turn   | Place    | Note
-------+----------+-------------------------------------------
     0 | D:1      | Arcadio the Deep Elf Conjurer began the quest for the Orb.
     0 | D:1      | Reached XP level 1. HP: 10/10 MP: 6/6
   341 | D:1      | Reached XP level 2. HP: 15/15 MP: 5/8
   770 | D:2      | Reached skill level 5 in Conjurations
   847 | D:2      | Noticed Jessica
   850 | D:2      | Killed Jessica
   851 | D:2      | Reached XP level 3. HP: 17/19 MP: 5/10
  1036 | D:2      | Learned a level 2 spell: Searing Ray
  1191 | D:2      | Reached XP level 4. HP: 13/24 MP: 3/12
  2352 | D:3      | Reached XP level 5. HP: 14/28 MP: 1/14
  2984 | D:3      | Reached skill level 5 in Spellcasting
  3518 | D:4      | Noticed Blork the orc
  3525 | D:4      | Killed Blork the orc
  3526 | D:4      | Reached XP level 6. HP: 16/32 MP: 4/16
  3731 | D:4      | Found a sand-covered staircase.
  3769 | Ossuary  | Entered an ossuary
  4169 | Ossuary  | Reached XP level 7. HP: 31/36 MP: 4/19
  4381 | Ossuary  | Learned a level 4 spell: Fulminant Prism
  4386 | Ossuary  | Learned a level 4 spell: Iskenderun's Mystic Blast
  5611 | D:5      | Entered Level 5 of the Dungeon
  6294 | D:5      | Reached XP level 8. HP: 41/41 MP: 18/22
  6531 | D:5      | You fall into a shaft and drop 1 floor!
  6840 | D:6      | Noticed Grinder
  6847 | D:6      | Killed Grinder
  7017 | D:6      | Reached skill level 10 in Spellcasting
  7213 | D:6      | Reached skill level 10 in Conjurations
  7577 | D:6      | Identified the +5 ring mail of Instinct {-Tele Will++
                  | Dex+4}
  7605 | D:6      | Reached XP level 9. HP: 45/45 MP: 22/25
  7747 | D:7      | Identified the +7 spear of Bikhloppe {flame, rPois rN+}
  7833 | D:7      | Noticed Duvessa
  7844 | D:7      | Noticed Dowan
  7845 | D:7      | Killed Duvessa
  7853 | D:7      | Killed Dowan
  8374 | D:7      | Found a staircase to the Ecumenical Temple.
  8380 | Temple   | Entered the Ecumenical Temple
  8396 | Temple   | Became a worshipper of Sif Muna the Loreminder
  8829 | D:8      | Noticed Psyche
  8848 | D:8      | Killed Psyche
  9371 | D:8      | Noticed a two-headed ogre
  9371 | D:8      | Noticed Pikel
  9390 | D:8      | Demolished by a two-headed ogre

Illustrated notes

Levels and vault maps discovered:
D:1:      lightli_arrival_statuegarden, layout_basic
D:2:      minmay_angry_zag, layout_rooms, uniq_jessica
D:3:      layout_basic, guppyfry_early_lair_pool
D:4:      layout_basic, gup_ossuary_entry_pyramid, uniq_blork_the_orc
D:5:      layout_loops_ring
D:6:      layout_gridville, uniq_grinder
D:7:      layout_rooms, minmay_temple_entry_wispy, uniq_duvessa
D:8:      layout_basic, minmay_lair_entry_grove, uniq_psyche, uniq_maurice,
          uniq_pikel
Temple:   hellmonk_choose_your_character

Skill      XL: |  1  2  3  4  5  6  7  8  9 |
---------------+----------------------------+-----
Conjurations   | 5 6 7 8 10 12 | 12.1
Spellcasting   | 4 5 6 8 10 12 | 12.9
Dodging        | |  2.4
Stealth        | |  2.4

Action                     |  1- 3 |  4- 6 |  7- 9 || total
---------------------------+-------+-------+-------++-------
  Melee: Short sword       |     1 |     2 |       ||     3
         Dagger            |       |       |     6 ||     6
   Cast: Magic Dart        |    50 |    15 |     4 ||    69
         Searing Ray       |     6 |    52 |    90 ||   148
         Fulminant Prism   |       |       |     3 ||     3
    Use: Scroll            |       |     3 |    10 ||    13
 Armour: Robe              |     7 |    20 |    38 ||    65
  Dodge: Dodged            |     4 |    26 |   109 ||   139
